 Dungeon Crawl Stone Soup version 0.31-a0-185-g9dded2c639 (webtiles) character file.

Game seed: 12179749133757324594

127 qw the Skirmisher (level 4, -1/25 HPs)
             Began as a Deep Elf Hunter on June 22, 2023.
             Was an Initiate of Okawaru.
             Slain by Blork the orc
             ... wielding a +0 short sword
              (6 damage)
             ... on level 3 of the Dungeon.
             The game lasted 00:00:59 (1709 turns).

qw the Skirmisher (Deep Elf Hunter)                 Turns: 1709, Time: 00:00:59

Health: -1/25      AC:  8    Str: 10    XL:     4   Next: 85%
Magic:  6/6        EV: 11    Int: 14    God:    Okawaru [......]
Gold:   135        SH:  0    Dex: 18    Spells: 3/3 levels left

rFire   . . .        Y - +2 shortbow
rCold   . . .        (shield currently unavailable)
rNeg    . . .        a - +0 ring mail
rPois   .            (no helmet)
rElec   .            (no cloak)
rCorr   .            (no gloves)
SInv    .            f - +2 pair of boots
Will    .....        (no amulet)
Stlth   +            (no ring)
HPRegen 0.24/turn    (no ring)
MPRegen 0.10/turn

%: no passive effects
@: about to teleport
A: no striking features
a: Renounce Religion


You were on level 3 of the Dungeon.
You worshipped Okawaru.
Okawaru was noncommittal.
You visited 1 branch of the dungeon, and saw 4 of its levels.

You collected 135 gold pieces.


   Skills:
 - Level 1.5 Fighting
 + Level 8.3 Ranged Weapons
 - Level 2.4 Dodging
 - Level 1.2 Stealth


You had 3 spell levels left.
You didn't know any spells.
Your spell library was empty.

Inventory:

Hand Weapons
 Y - a +2 shortbow (weapon)
Armour
 a - a +0 ring mail (worn)
 f - a +2 pair of boots (worn)
Scrolls
 e - a scroll of teleportation
 h - a scroll of identify
Potions
 b - a potion of magic {unknown}
 c - a potion of enlightenment {unknown}
 d - a potion of lignification {unknown}

Dungeon Overview and Level Annotations

Branches:
Dungeon (4/15)
 Temple: D:4-7

Altars:
Okawaru
Qazlal

Annotations:
D:3 Blork the orc


Message History

The adder bites you but does no damage.
Blork the orc hits you but does no damage.
The adder bites you but does no damage.
You climb upwards.
There is a stone staircase leading down here.
You shoot an arrow. The arrow barely misses Blork the orc.
Blork the orc hits you with a +0 short sword!
The adder bites you but does no damage.
Blork the orc hits you with a +0 short sword.
You shoot an arrow. The arrow barely misses Blork the orc.
The adder bites you but does no damage. Blork the orc misses you.
The adder bites you but does no damage.
You shoot an arrow. The arrow hits Blork the orc.
Blork the orc is lightly wounded.
The adder barely misses you.
Blork the orc gestures wildly while chanting.
Blork the orc seems to speed up.
You shoot an arrow. The arrow closely misses Blork the orc.
The adder barely misses you. Blork the orc barely misses you.
The adder barely misses you.
Blork the orc begins to cast a cantrip, but forgets the words!
You shoot an arrow. The arrow closely misses Blork the orc.
Blork the orc completely misses you. The adder barely misses you.
You shoot an arrow. The arrow hits Blork the orc!
Blork the orc is moderately wounded.
Blork the orc barely misses you. The adder bites you but does no damage.
Blork the orc completely misses you. The adder bites you but does no damage.
You shoot an arrow. The arrow hits Blork the orc!
Blork the orc is heavily wounded.
Blork the orc closely misses you. The adder misses you.
Blork the orc casts a spell at you. The puff of frost hits you!
1708 ||| READING 2 scrolls of teleportation.
As you read the scroll of teleportation, it crumbles to dust.
You feel strangely unstable. The adder closely misses you.
Blork the orc barely misses you. The adder bites you but does no damage.
You shoot an arrow. The arrow barely misses Blork the orc.
Blork the orc hits you with a +0 short sword.
You die...

..##....)..###.......#
.....##.##...#.#.#####
.........%.....#.#########
..##.....................#
..##.###.###...#.........#
..........##.............#
..............#..........# ######
...........#.###So.......###....#
...........#.# #@...............#
...........#.# #.##.####...~~~..#
...........#.# #.##.# #...¤~~..#
.............###.##.# #.~.¤.~..#
.................##.# #..¤¤.¤..#
..................#.####...¤.~..#
#################......#........#
######..........# ############


You could see Blork the orc (fast) and an adder.

Vanquished Creatures
  An orc priest (D:4)
  4 adders
  A dart slug (D:2)
  3 orcs
  7 endoplasms
  A giant cockroach (D:2)
  4 goblins
  6 hobgoblins
  2 jackals (D:3)
  4 quokkas
  3 ball pythons
  4 bats
  4 frilled lizards
  5 kobolds
  5 rats
54 creatures vanquished.

Notes
Turn   | Place    | Note
-------+----------+-------------------------------------------
     0 | D:1      | qw the Deep Elf Hunter began the quest for the Orb.
     0 | D:1      | Reached XP level 1. HP: 12/12 MP: 3/3
     0 | D:1      | 0 ||| qw: Version: 0.3-a-9-g12657ce
     0 | D:1      | 0 ||| qw: Game counter: 1830
     0 | D:1      | 0 ||| qw: Always use a shield: true
     0 | D:1      | 0 ||| qw: God list: Okawaru
     0 | D:1      | 0 ||| qw: Allow faded altars: false
     0 | D:1      | 0 ||| qw: Do Orc after D:15 true
     0 | D:1      | 0 ||| qw: Do second Lair branch before Depths: true
     0 | D:1      | 0 ||| qw: Lair rune preference: random
     0 | D:1      | 0 ||| qw: Plans: Normal
     0 | D:1      | 0 ||| PLANNING D:1-11
    68 | D:1      | Reached skill level 6 in Ranged Weapons
    68 | D:1      | Reached XP level 2. HP: 14/16 MP: 4/4
   488 | D:1      | Reached XP level 3. HP: 19/20 MP: 5/5
   526 | D:1      | You fall into a shaft and drop 1 floor!
   588 | D:2      | Reached skill level 7 in Ranged Weapons
   658 | D:2      | 658 ||| UPGRADING to +2 pair of boots.
   663 | D:2      | 663 ||| READING scroll labelled SURHUYSI RIOH.
   664 | D:2      | 664 ||| READING 2 scrolls labelled TUEMNO XECINU.
   665 | D:2      | 665 ||| READING scroll of enchant weapon.
   665 | D:2      | 665 ||| ENCHANTING +1 shortbow.
   666 | D:2      | 666 ||| READING scroll labelled SODGHI WIKE.
   667 | D:2      | 667 ||| READING 2 scrolls labelled YGOC ZAYPN.
   671 | D:2      | 671 ||| READING scroll labelled TORAJE GAKIJI.
   672 | D:2      | 672 ||| DROPPING scroll of butterflies.
   673 | D:2      | 673 ||| Stepping randomly (stuck).
   674 | D:2      | 674 ||| Stepping randomly (stuck).
   675 | D:2      | 675 ||| Stepping randomly (stuck).
   676 | D:2      | 676 ||| Stepping randomly (stuck).
   677 | D:2      | 677 ||| Stepping randomly (stuck).
   678 | D:2      | 678 ||| Stepping randomly (stuck).
   679 | D:2      | 679 ||| Stepping randomly (stuck).
   680 | D:2      | 680 ||| Stepping randomly (stuck).
   681 | D:2      | 681 ||| Stepping randomly (stuck).
   682 | D:2      | 682 ||| Stepping randomly (stuck).
   683 | D:2      | 683 ||| Stepping randomly (stuck).
   684 | D:2      | 684 ||| Stepping randomly (stuck).
   685 | D:2      | 685 ||| Stepping randomly (stuck).
   686 | D:2      | 686 ||| Stepping randomly (stuck).
   687 | D:2      | 687 ||| Stepping randomly (stuck).
   688 | D:2      | 688 ||| Stepping randomly (stuck).
   689 | D:2      | 689 ||| Stepping randomly (stuck).
   690 | D:2      | 690 ||| Stepping randomly (stuck).
   691 | D:2      | 691 ||| Stepping randomly (stuck).
   692 | D:2      | 692 ||| Stepping randomly (stuck).
   693 | D:2      | 693 ||| Stepping randomly (stuck).
   694 | D:2      | 694 ||| Stepping randomly (stuck).
   695 | D:2      | 695 ||| Stepping randomly (stuck).
   696 | D:2      | 696 ||| Stepping randomly (stuck).
   697 | D:2      | 697 ||| Stepping randomly (stuck).
   698 | D:2      | 698 ||| Stepping randomly (stuck).
   699 | D:2      | 699 ||| Stepping randomly (stuck).
   700 | D:2      | 700 ||| Stepping randomly (stuck).
   701 | D:2      | 701 ||| Stepping randomly (stuck).
   702 | D:2      | 702 ||| Stepping randomly (stuck).
   703 | D:2      | 703 ||| Stepping randomly (stuck).
   704 | D:2      | 704 ||| Stepping randomly (stuck).
   705 | D:2      | 705 ||| Stepping randomly (stuck).
   706 | D:2      | 706 ||| Stepping randomly (stuck).
   707 | D:2      | 707 ||| Stepping randomly (stuck).
   708 | D:2      | 708 ||| Stepping randomly (stuck).
   709 | D:2      | 709 ||| Stepping randomly (stuck).
   710 | D:2      | 710 ||| Stepping randomly (stuck).
   711 | D:2      | 711 ||| Stepping randomly (stuck).
   712 | D:2      | 712 ||| Stepping randomly (stuck).
   713 | D:2      | 713 ||| Stepping randomly (stuck).
   714 | D:2      | 714 ||| Stepping randomly (stuck).
   715 | D:2      | 715 ||| Stepping randomly (stuck).
   716 | D:2      | 716 ||| Stepping randomly (stuck).
   717 | D:2      | 717 ||| Stepping randomly (stuck).
   718 | D:2      | 718 ||| Stepping randomly (stuck).
   719 | D:2      | 719 ||| Stepping randomly (stuck).
   720 | D:2      | 720 ||| Stepping randomly (stuck).
   721 | D:2      | 721 ||| Stepping randomly (stuck).
   722 | D:2      | 722 ||| Stepping randomly (stuck).
   723 | D:2      | 723 ||| Stepping randomly (stuck).
   724 | D:2      | 724 ||| READING scroll of teleportation.
   738 | D:2      | 738 ||| Stepping randomly (stuck).
   738 | D:2      | Found a faded altar of an unknown god.
   739 | D:2      | 739 ||| Stepping randomly (stuck).
   740 | D:2      | 740 ||| Stepping randomly (stuck).
   741 | D:2      | 741 ||| Stepping randomly (stuck).
   845 | D:2      | Reached XP level 4. HP: 25/25 MP: 6/6
  1044 | D:2      | 1044 ||| UPGRADING to +0 ring mail.
  1054 | D:2      | 1054 ||| DROPPING +0 leather armour.
  1055 | D:2      | 1055 ||| READING scroll labelled HOQ VOKHLIA.
  1156 | D:2      | 1156 ||| READING scroll labelled SAPOLA ASOS.
  1287 | D:3      | Found a stormy altar of Qazlal.
  1489 | D:3      | Found an iron altar of Okawaru.
  1490 | D:3      | 1490 ||| PLANNING OKAWARU WORSHIP
  1490 | D:3      | 1490 ||| READING scroll labelled ZITZAA LIPSO.
  1494 | D:3      | Became a worshipper of Warmaster Okawaru
  1495 | D:3      | 1495 ||| PLANNING D:1-11
  1643 | D:4      | Noticed Blork the orc
  1646 | D:4      | 1646 ||| STAIRDANCE
  1697 | D:4      | Reached skill level 8 in Ranged Weapons
  1699 | D:4      | 1699 ||| STAIRDANCE
  1707 | D:3      | HP: 5/25 [Blork the orc/puff of frost (7)]
  1708 | D:3      | 1708 ||| READING 2 scrolls of teleportation.
  1709 | D:3      | Slain by Blork the orc

Levels and vault maps discovered:
D:1:      amcnicky_arrival_wind_blow, layout_basic
D:2:      layout_basic, dreamdust_ecumenical_altar_statues
D:3:      layout_rooms, mainiacjoe_overflow_24_doors,
          nicolae_qazlal_scattered_showers
D:4:      layout_basic, minmay_a_box_with_orc_wizards_in_it, uniq_robin,
          uniq_natasha, uniq_blork_the_orc

Skill      XL: |  1  2  3  4 |
---------------+-------------+-----
Ranged Weapons | 6 7 8 |  8.3
Fighting       | |  1.5
Dodging        | |  2.4
Stealth        | |  1.2

Action                     |  1- 3 |  4- 6 || total
---------------------------+-------+-------++-------
   Fire: Shortbow          |    84 |    43 ||   127
    Use: Scroll            |     7 |     4 ||    11
 Armour: Leather armour    |     6 |       ||     6
         Ring mail         |       |    20 ||    20
  Dodge: Dodged            |    17 |    37 ||    54

Table legend:
 A = Non-vault XP
 B = Vault XP
 C = Vault XP percentage of total XP
 D = Non-vault monster count
 E = Vault monster count
 F = Vault count percentage of total count
                 A         B        C        D         E       F
            +---------+---------+-------+---------+---------+-------
      Total |     182 |       0 |   0.0 |      54 |       0 |   0.0
            +---------+---------+-------+---------+---------+-------
        D:1 |      44 |       0 |   0.0 |      28 |       0 |   0.0
        D:2 |      57 |       0 |   0.0 |      12 |       0 |   0.0
        D:3 |      18 |       0 |   0.0 |      10 |       0 |   0.0
        D:4 |      63 |       0 |   0.0 |       4 |       0 |   0.0
            +---------+---------+-------+---------+---------+-------
